 Dungeon Crawl Stone Soup version 0.29-a0-341-g24ffce5b50 (webtiles) character file.

Game seed: 2412350155325716012

3 spaghetti the Caller (level 1, 0/13 HPs)
             Began as a Demonspawn Summoner on Apr 20, 2022.
             Slain by a hobgoblin (2 damage)
             ... on level 1 of the Dungeon.
             The game lasted 00:00:26 (102 turns).

spaghetti the Caller (Demonspawn Summoner)           Turns: 102, Time: 00:00:26

Health: 0/13       AC:  2    Str:  8    XL:     1   Next: 41%
Magic:  1/3        EV: 12    Int: 16    God:
Gold:   41         SH:  0    Dex: 13    Spells: 3/4 levels left

rFire   x . .      SeeInvis .   (no weapon)
rCold   + . .      Faith    .   (no shield)
rNeg    . . .      Spirit   .   a - +0 robe
rPois   .          Reflect  .   (no helmet)
rElec   .          Harm     .   (no cloak)
rCorr   .          Rampage  .   (no gloves)
Will    .....                   (no boots)
Stlth   ++........              (no amulet)
HPRegen 0.04/turn               c - ring of ice
MPRegen 0.08/turn               (no ring)

@: no status effects
A: no striking features
a: no special abilities


You were on level 1 of the Dungeon.
You visited 1 branch of the dungeon, and saw 1 of its levels.

You collected 41 gold pieces.


   Skills:
 - Level 1.7 Dodging
 - Level 1.7 Stealth
 + Level 2.2 Spellcasting
 - Level 4.0 Summonings


You had 3 spell levels left.
You knew the following spells:

 Your Spells              Type           Power      Damage    Failure   Level
a - Summon Small Mammal   Summ           56%        N/A       4%          1

Your spell library contained the following spells:

 Spells                   Type           Power      Damage    Failure   Level
 Call Imp                 Summ           14%        N/A       6%          2
 Call Canine Familiar     Summ           14%        N/A       12%         3
 Summon Guardian Golem    Hex/Summ       8%         N/A       26%         3
 Summon Lightning Spire   Summ/Air       8%         N/A       65%         4

Inventory:

Hand Weapons
 d - a +0 club {mace}
   (You took it off a goblin on level 1 of the Dungeon)
Armour
 a - a +0 robe (worn)
Jewellery
 c - a ring of ice (left hand)
   (You found it on level 1 of the Dungeon)
Potions
 b - a potion of magic

Dungeon Overview and Level Annotations

Branches:
Dungeon (1/15)

Altars:

###...###...###..#.#.#
#.....#...)..#.##
#..#.#.#.........
.....##.##........#
#####.##.##.........
#.##.##....#...#
#.##.##r...##.##
#.##...†........
..##...b@.....##
......ggr##.##
...###......r. ##.
##.##..### # #.# .##
..# # .## .


You could see a quokka, a hobgoblin (ally target), a goblin, a friendly bat
(summoned) and a friendly rat (summoned).


Message History

Really attack while wielding nothing? [Y]es or [N]o only, please.
Really attack while wielding nothing? [Y]es or [N]o only, please.
Really attack while wielding nothing? [Y]es or [N]o only, please.
Really attack while wielding nothing? [Y]es or [N]o only, please.
Really attack while wielding nothing? [Y]es or [N]o only, please.
Really attack while wielding nothing? [Y]es or [N]o only, please.
Really attack while wielding nothing? [Y]es or [N]o only, please.
Really attack while wielding nothing? [Y]es or [N]o only, please.
Really attack while wielding nothing? [Y]es or [N]o only, please.
Really attack while wielding nothing? [Y]es or [N]o only, please.
Really attack while wielding nothing? [Y]es or [N]o only, please.
Really attack while wielding nothing? [Y]es or [N]o only, please.
Really attack while wielding nothing?
Okay, then.
Really attack while wielding nothing?
The helpless bat fails to defend itself.
You hit the bat but do no damage. The bat barely misses you.
Casting: Summon Small Mammal (safe; 4% risk of failure)
Confirm with . or Enter, or press ? or * to list all spells.
The bat closely misses you. 😎 MP[-1]
You lost 1 mp, and now have 2/3 mp.
Casting: Summon Small Mammal (safe; 4% risk of failure)
Confirm with . or Enter, or press ? or * to list all spells.
The bat hits you but does no damage. 😎 MP[-1]
You lost 1 mp, and now have 1/3 mp.
You closely miss the bat. The bat closely misses you.
Your bat barely misses the bat.
The bat misses you.
Your rat barely misses the bat.
You closely miss the bat. The bat hits you but does no damage.
Your bat misses the bat. The bat closely misses you.
Your rat bites the bat.
The bat dies!
You swap places.
A hobgoblin and a goblin come into view.
Your bat hits the ball python. Your bat hits the ball python.
The ball python dies!
The hobgoblin shouts!
A quokka comes into view.
The hobgoblin closely misses your rat.
The goblin hits your rat with a +0 dagger.
Your rat dies!
Your rat's corpse disappears in a puff of smoke!
The goblin closely misses you. The hobgoblin barely misses you.
Your bat closely misses the hobgoblin. 😎 MP[+1]
You closely miss the hobgoblin.
Your bat hits the hobgoblin but does no damage.
The goblin barely misses you. The hobgoblin hits you. 😕 HP[-1]
You take 1 damage, and now have 12/13 hp.
You are too injured to fight recklessly!
You are too injured to fight recklessly!
You are too injured to fight recklessly!
You are too injured to fight recklessly!
You are too injured to fight recklessly!
You are too injured to fight recklessly!
You are too injured to fight recklessly!
You are too injured to fight recklessly!
You are too injured to fight recklessly!
You are too injured to fight recklessly!
You are too injured to fight recklessly!
You are too injured to fight recklessly!
You are too injured to fight recklessly!
You are too injured to fight recklessly!
You are too injured to fight recklessly!
You are too injured to fight recklessly!
There are monsters nearby!
There are monsters nearby!
You closely miss the goblin.
Your bat closely misses the hobgoblin.
The goblin hits you with a +0 dagger. The hobgoblin misses you. 😕 HP[-2]
You take 2 damage, and now have 10/13 hp.
You hit the goblin but do no damage. The quokka bites you.
* * * LOW HITPOINT WARNING * * *
The goblin closely misses you. The hobgoblin misses you.
Your bat hits the hobgoblin. 😨 HP[-5]
You take 5 damage, and now have 5/13 hp.
MASSIVE DAMAGE!! (PAUSE)
Casting: Summon Small Mammal (safe; 4% risk of failure)
Confirm with . or Enter, or press ? or * to list all spells.
Your bat closely misses the hobgoblin.
Your bat completely misses the goblin.
The quokka bites you.
* * * LOW HITPOINT WARNING * * *
The goblin misses you. The hobgoblin hits you.
You die...

Action                   || total
-------------------------++-------
Melee: Unarmed           ||     7
 Cast: Summon Small Mamm ||     7
 Stab: Sleeping          ||     1
Armor: Robe              ||     3
Dodge: Dodged            ||    17

Levels and vault maps discovered:
D:1:      minmay_arrival_open_corners, layout_loops_ring,
          basic_ecumenical_altar, chequers_serial_rivers_small_a

Notes
Turn   | Place    | Note
-------+----------+-------------------------------------------
     0 | D:1      | spaghetti the Demonspawn Summoner began the quest for the
                  | Orb.
     0 | D:1      | Reached XP level 1. HP: 13/13 MP: 3/3
     0 | D:1      | magus.rc [v1.9.6]
   102 | D:1      | HP: 2/13 [quokka (3)]
   102 | D:1      | Slain by a hobgoblin

Vanquished Creatures (collateral kills)
  A goblin (D:1)
  A ball python (D:1)
  2 bats (D:1)
4 creatures vanquished.

Table legend:
 A = Non-vault XP
 B = Vault XP
 C = Vault XP percentage of total XP
 D = Non-vault monster count
 E = Vault monster count
 F = Vault count percentage of total count
                 A         B        C        D         E       F
            +---------+---------+-------+---------+---------+-------
      Total |       5 |       0 |   0.0 |       4 |       0 |   0.0
            +---------+---------+-------+---------+---------+-------
        D:1 |       5 |       0 |   0.0 |       4 |       0 |   0.0
            +---------+---------+-------+---------+---------+-------

Illustrated notes

Table legend:
 A = Kills in this place as a percentage of kills in entire the game.
 B = Kills by you in this place as a percentage of kills by you in the entire game.
 C = Kills by friends in this place as a percentage of kills by friends in the entire game.
 D = Other kills in this place as a percentage of other kills in the entire game.
 E = Experience gained in this place as a percentage of experience gained in the entire game.
 F = Experience gained in this place divided by the number of levels of this place that you have seen.
                   A       B       C       D       E      F
               +-------+-------+-------+-------+-------+----------------------
         Total | 100.0 |   N/A | 100.0 |   N/A | 100.0 |   5.0
       Dungeon | 100.0 |   N/A | 100.0 |   N/A | 100.0 |   5.0
               +-------+-------+-------+-------+-------+----------------------

Table legend: (Time is in decaauts)
 A = Elapsed time spent in this place.
 B = Non-inter-level travel time spent in this place.
 C = Inter-level travel time spent in this place.
 D = Time resting spent in this place.
 E = Time spent auto-exploring this place.
 F = Levels seen in this place.
 G = Mean time per level.
                   A        B        C        D        E       F      G
               +--------+--------+--------+--------+--------+-----+--------+
         Total |    101 |    101 |      0 |      0 |     48 |   1 |  101.0 |
       Dungeon |    101 |    101 |      0 |      0 |     48 |   1 |  101.0 |
               +--------+--------+--------+--------+--------+-----+--------+

Top non-repeatable levels by time:
     D:1: 101 daAuts
